2279 views
Uploaded 2022-04-16 23:59:03
Game version 1.32.10
103:53 long 2on2 ladder game on (4)LostTemple_LV
Saved by Cabeelibob
2279 views
Uploaded 2022-04-16 23:59:03
Game version 1.32.10
103:53 long 2on2 ladder game on (4)LostTemple_LV


176 units @ 27.7k
/ 5.4k
151 buildings @ 18k
/ 9.7k


x1)
x1)
| Healing Salve | 1 | 100 |
| Scroll of Town Portal | 5 | 1750 |
| Tome of Retraining | 2 | 600 |
| Staff of Teleportation | 1 | 150 |
| Potion of Lesser Invulnerability | 1 | 150 |
| total: | 10 | 2750g |
| Peon | 23 | 1725 | / | 0 |
| Troll Headhunter | 9 | 1260 | / | 180 |
| Shaman | 14 | 1820 | / | 280 |
| Spirit Walker | 1 | 195 | / | 35 |
| Tauren | 3 | 840 | / | 240 |
| Raider | 9 | 1620 | / | 360 |
| Troll Witch Doctor | 11 | 1595 | / | 275 |
| Troll Batrider | 9 | 1440 | / | 360 |
| Troll Berserker | 7 | 980 | / | 140 |
| Demolisher | 8 | 1760 | / | 400 |
| total: | 94 | 13235g | / | 2270w |
| Watch Tower | 40 | 4400 | / | 3200 |
| Altar of Storms | 1 | 180 | / | 50 |
| Orc Burrow | 11 | 1760 | / | 440 |
| War Mill | 3 | 615 | / | 0 |
| Barracks | 2 | 360 | / | 100 |
| Voodoo Lounge | 8 | 1040 | / | 240 |
| Great Hall | 5 | 1925 | / | 925 |
| Spirit Lodge | 1 | 150 | / | 150 |
| Tauren Totem | 1 | 135 | / | 155 |
| Beastiary | 4 | 580 | / | 560 |
| Stronghold | 4 | 1260 | / | 760 |
| Fortress | 2 | 650 | / | 380 |
| total: | 76 | 11145g | / | 5820w |
| 0:02 | Peon |
| 0:02 | Peon |
| 0:02 | Peon |
| 0:05 | Altar of Storms |
| 0:18 | Orc Burrow |
| 0:23 | Peon |
| 0:48 | War Mill |
| 1:04 | Barracks |
| 1:11 | Peon |
| 1:26 | Peon |
| 1:40 | Orc Burrow |
| 1:43 | Peon |
| 2:05 | Troll Headhunter |
| 2:08 | War Stomp |
| 2:10 | Voodoo Lounge |
| 2:23 | Troll Headhunter |
| 2:37 | Troll Headhunter |
| 2:52 | Troll Headhunter |
| 3:08 | Troll Headhunter |
| 3:26 | Stronghold |
| 3:39 | Troll Headhunter |
| 3:52 | Troll Headhunter |
| 4:00 | Endurance Aura |
| 4:13 | Orc Burrow |
| 4:18 | Troll Headhunter |
| 4:26 | Healing Salve |
| 4:41 | Steel Ranged Weapons |
| 4:58 | Orc Burrow |
| 5:36 | Endurance Aura |
| 5:50 | Spirit Lodge |
| 6:11 | Steel Armor |
| 6:28 | Fortress |
| 7:05 | Healing Wave |
| 7:10 | Shaman |
| 7:11 | Shaman Adept Training |
| 7:15 | Tauren Totem |
| 7:33 | Reinforced Defenses |
| 8:31 | Troll Headhunter |
| 8:41 | Spirit Walker |
| 8:45 | Beastiary |
| 9:08 | Tauren |
| 9:11 | Berserker Upgrade |
| 9:13 | Peon |
| 9:14 | Peon |
| 9:16 | Orc Burrow |
| 9:42 | Tauren |
| 10:00 | Shaman |
| 10:00 | Shaman |
| 10:38 | War Stomp |
| 10:49 | Tauren |
| 10:52 | Great Hall |
| 11:00 | Shaman Master Training |
| 11:01 | Shaman |
| 11:49 | Serpent Ward |
| 12:28 | Shaman |
| 12:30 | Orc Burrow |
| 12:59 | Ensnare |
| 12:59 | Raider |
| 12:59 | Raider |
| 13:00 | Raider |
| 13:10 | Troll Witch Doctor |
| 13:18 | Orc Burrow |
| 13:25 | Peon |
| 13:56 | Healing Wave |
| 14:16 | Raider |
| 14:22 | Peon |
| 14:22 | Peon |
| 14:22 | Peon |
| 14:26 | Voodoo Lounge |
| 15:09 | Raider |
| 15:17 | Troll Witch Doctor |
| 16:41 | Great Hall |
| 16:49 | Witch Doctor Adept Training |
| 18:42 | Raider |
| 19:12 | Endurance Aura |
| 19:49 | Serpent Ward |
| 20:07 | Raider |
| 20:08 | Shaman |
| 20:08 | Witch Doctor Master Training |
| 20:09 | Troll Witch Doctor |
| 20:09 | Shaman |
| 20:10 | Troll Witch Doctor |
| 20:12 | Thorium Ranged Weapons |
| 20:12 | Thorium Armor |
| 20:51 | Steel Melee Weapons |
| 21:35 | Peon |
| 21:35 | Peon |
| 21:35 | Peon |
| 21:36 | Peon |
| 21:36 | Peon |
| 21:42 | War Mill |
| 22:24 | Stronghold |
| 22:56 | Orc Burrow |
| 23:53 | Watch Tower |
| 23:58 | Watch Tower |
| 24:01 | Watch Tower |
| 24:03 | Peon |
| 24:03 | Peon |
| 24:03 | Peon |
| 24:03 | Peon |
| 24:03 | Peon |
| 24:05 | Watch Tower |
| 25:33 | Great Hall |
| 25:36 | Watch Tower |
| 25:38 | Watch Tower |
| 25:43 | Scroll of Town Portal |
| 26:11 | Watch Tower |
| 26:13 | Watch Tower |
| 26:37 | Watch Tower |
| 26:41 | Watch Tower |
| 26:47 | Orc Burrow |
| 26:50 | Orc Burrow |
| 26:53 | Watch Tower |
| 27:23 | War Mill |
| 28:37 | Watch Tower |
| 29:20 | Watch Tower |
| 29:22 | Watch Tower |
| 30:02 | Watch Tower |
| 30:05 | Watch Tower |
| 30:10 | Watch Tower |
| 30:16 | Stronghold |
| 30:20 | Stronghold |
| 31:01 | Scroll of Town Portal |
| 31:01 | Scroll of Town Portal |
| 31:06 | Watch Tower |
| 31:08 | Watch Tower |
| 31:11 | Watch Tower |
| 31:17 | Watch Tower |
| 31:19 | Watch Tower |
| 31:34 | Shaman |
| 31:36 | Troll Witch Doctor |
| 31:36 | Troll Witch Doctor |
| 32:03 | Watch Tower |
| 32:48 | Fortress |
| 32:51 | Watch Tower |
| 34:12 | Beastiary |
| 34:18 | Beastiary |
| 34:21 | Beastiary |
| 35:09 | Voodoo Lounge |
| 35:24 | Voodoo Lounge |
| 35:26 | Voodoo Lounge |
| 35:43 | Voodoo Lounge |
| 35:51 | Voodoo Lounge |
| 35:53 | Voodoo Lounge |
| 36:06 | Raider |
| 36:06 | Raider |
| 36:34 | Troll Batrider |
| 36:46 | Watch Tower |
| 36:50 | Watch Tower |
| 37:11 | Troll Batrider |
| 37:27 | Troll Batrider |
| 37:31 | Orc Burrow |
| 38:08 | Liquid Fire |
| 39:06 | Troll Batrider |
| 40:01 | Troll Batrider |
| 40:01 | Troll Batrider |
| 40:01 | Troll Batrider |
| 40:06 | Reincarnation |
| 40:08 | Healing Wave |
| 40:36 | Scroll of Town Portal |
| 40:36 | Scroll of Town Portal |
| 40:41 | Troll Batrider |
| 42:24 | Tome of Retraining |
| 42:24 | Retrain Hero |
| 42:31 | Hex |
| 42:32 | Hex |
| 42:32 | Hex |
| 42:33 | Healing Wave |
| 42:45 | Troll Batrider |
| 42:56 | Shaman |
| 42:56 | Shaman |
| 42:56 | Troll Witch Doctor |
| 42:57 | Troll Witch Doctor |
| 43:08 | Great Hall |
| 44:05 | Great Hall |
| 44:44 | Watch Tower |
| 44:45 | Watch Tower |
| 44:45 | Watch Tower |
| 44:46 | Watch Tower |
| 44:46 | Watch Tower |
| 45:00 | Shaman |
| 45:00 | Shaman |
| 46:09 | Watch Tower |
| 46:13 | Watch Tower |
| 46:14 | Watch Tower |
| 46:17 | Watch Tower |
| 46:19 | Watch Tower |
| 46:34 | Barracks |
| 48:10 | Troll Berserker |
| 48:10 | Troll Berserker |
| 48:14 | Arcanite Ranged Weapons |
| 48:14 | Arcanite Armor |
| 48:15 | Thorium Melee Weapons |
| 48:17 | Spiked Barricades |
| 49:15 | Tome of Retraining |
| 49:15 | Retrain Hero |
| 49:18 | Endurance Aura |
| 49:19 | Endurance Aura |
| 49:19 | Shockwave |
| 49:20 | Shockwave |
| 49:20 | Shockwave |
| 49:21 | Reincarnation |
| 54:06 | Staff of Teleportation |
| 54:29 | Potion of Lesser Invulnerability |
| 55:54 | Shaman |
| 55:54 | Troll Witch Doctor |
| 57:30 | Burning Oil |
| 57:31 | Demolisher |
| 57:31 | Demolisher |
| 57:31 | Demolisher |
| 61:39 | Healing Wave |
| 61:54 | Watch Tower |
| 61:55 | Watch Tower |
| 61:55 | Watch Tower |
| 61:56 | Watch Tower |
| 62:15 | Troll Berserker |
| 62:16 | Troll Berserker |
| 62:16 | Troll Berserker |
| 62:23 | Shaman |
| 62:23 | Troll Witch Doctor |
| 63:03 | Troll Berserker |
| 63:04 | Troll Regeneration |
| 63:30 | Troll Witch Doctor |
| 66:25 | Endurance Aura |
| 82:19 | Troll Berserker |
| 82:19 | Demolisher |
| 82:21 | Demolisher |
| 85:43 | Demolisher |
| 89:28 | Demolisher |
| 94:15 | Demolisher |
| Right click | 3274 |
| Select group | 3134 |
| Select | 1383 |
| Misc. action | 823 |
| Use ability | 314 |
| Build/train/purchase | 248 |
| Assign group | 81 |
| Item give/drop | 18 |
| Resource trade | 6 |
| Chat | 5 |
| Minimap ping | 4 |
| Esc | 2 |
KenGryphyJr
(103:35) : 

| Scroll of Regeneration | 4 | 400 |
| Potion of Healing | 2 | 300 |
| Mechanical Critter | 10 | 500 |
| Scroll of Town Portal | 9 | 3150 |
| Potion of Lesser Invulnerability | 4 | 600 |
| Periapt of Vitality | 4 | 1300 |
| Healing Salve | 1 | 100 |
| total: | 34 | 6350g |
| Peasant | 21 | 1575 | / | 0 |
| Footman | 6 | 810 | / | 0 |
| Sorceress | 6 | 930 | / | 120 |
| Spell Breaker | 3 | 645 | / | 90 |
| Knight | 6 | 1470 | / | 360 |
| Mortar Team | 9 | 1620 | / | 630 |
| Priest | 2 | 270 | / | 20 |
| Siege Engine | 12 | 2340 | / | 720 |
| Gryphon Rider | 17 | 4760 | / | 1190 |
| total: | 82 | 14420g | / | 3130w |
| Scout Tower | 41 | 1230 | / | 820 |
| Arcane Tower | 5 | 350 | / | 250 |
| Guard Tower | 15 | 1050 | / | 750 |
| Farm | 10 | 800 | / | 200 |
| Altar of Kings | 1 | 180 | / | 50 |
| Barracks | 1 | 160 | / | 60 |
| Lumber Mill | 2 | 240 | / | 0 |
| Blacksmith | 2 | 280 | / | 120 |
| Arcane Vault | 3 | 390 | / | 90 |
| Town Hall | 6 | 2310 | / | 1230 |
| Cannon Tower | 9 | 1080 | / | 900 |
| Arcane Sanctum | 2 | 300 | / | 280 |
| Workshop | 3 | 420 | / | 420 |
| Gryphon Aviary | 4 | 560 | / | 600 |
| Keep | 1 | 320 | / | 210 |
| Castle | 1 | 360 | / | 210 |
| total: | 75 | 6870g | / | 3870w |
| 0:02 | Peasant |
| 0:03 | Peasant |
| 0:13 | Farm |
| 0:16 | Altar of Kings |
| 0:20 | Barracks |
| 0:25 | Peasant |
| 0:31 | Farm |
| 0:42 | Peasant |
| 0:50 | Peasant |
| 1:13 | Peasant |
| 1:23 | Footman |
| 1:34 | Farm |
| 1:37 | Peasant |
| 1:42 | Footman |
| 1:50 | Scout Tower |
| 1:52 | Peasant |
| 2:06 | Footman |
| 2:20 | Summon Water Elemental |
| 2:22 | Arcane Tower |
| 3:10 | Keep |
| 3:38 | Lumber Mill |
| 3:43 | Blacksmith |
| 3:50 | Arcane Vault |
| 3:52 | Footman |
| 3:54 | Footman |
| 4:00 | Farm |
| 4:31 | Farm |
| 4:38 | Footman |
| 4:51 | Healing Salve |
| 5:10 | Improved Lumber Harvesting |
| 5:37 | Arcane Sanctum |
| 5:44 | Arcane Sanctum |
| 5:48 | Castle |
| 5:59 | Brilliance Aura |
| 6:12 | Iron Forged Swords |
| 7:00 | Brilliance Aura |
| 7:02 | Sorceress |
| 7:03 | Sorceress Adept Training |
| 7:16 | Steel Forged Swords |
| 7:20 | Defend |
| 7:34 | Spell Breaker |
| 7:37 | Sorceress |
| 8:28 | Knight |
| 8:30 | Sorceress Master Training |
| 8:31 | Sorceress |
| 9:06 | Knight |
| 9:10 | Farm |
| 10:04 | Workshop |
| 10:24 | Town Hall |
| 10:35 | Knight |
| 10:50 | Mortar Team |
| 10:54 | Farm |
| 11:37 | Peasant |
| 11:38 | Peasant |
| 11:38 | Peasant |
| 12:03 | Sorceress |
| 12:04 | Priest |
| 12:29 | Peasant |
| 12:29 | Peasant |
| 12:40 | Knight |
| 12:42 | Priest Adept Training |
| 12:44 | Priest |
| 12:48 | Mortar Team |
| 12:54 | Blizzard |
| 13:06 | Scout Tower |
| 13:08 | Scout Tower |
| 13:10 | Scout Tower |
| 13:13 | Scout Tower |
| 13:19 | Scout Tower |
| 13:22 | Improved Masonry |
| 13:43 | Town Hall |
| 15:12 | Peasant |
| 15:13 | Peasant |
| 15:20 | Peasant |
| 15:20 | Peasant |
| 15:21 | Peasant |
| 15:23 | Advanced Masonry |
| 15:26 | Scout Tower |
| 15:27 | Scout Tower |
| 15:28 | Scout Tower |
| 15:29 | Scout Tower |
| 15:35 | Scout Tower |
| 15:36 | Scout Tower |
| 15:38 | Scout Tower |
| 15:43 | Advanced Lumber Harvesting |
| 15:47 | Guard Tower |
| 15:47 | Guard Tower |
| 15:48 | Guard Tower |
| 15:49 | Guard Tower |
| 15:51 | Guard Tower |
| 16:08 | Peasant |
| 16:08 | Peasant |
| 16:08 | Peasant |
| 16:34 | Cannon Tower |
| 16:59 | Lumber Mill |
| 17:07 | Cannon Tower |
| 17:09 | Guard Tower |
| 17:35 | Scout Tower |
| 17:38 | Scout Tower |
| 17:43 | Arcane Vault |
| 17:49 | Arcane Vault |
| 17:53 | Farm |
| 18:00 | Cannon Tower |
| 18:04 | Cannon Tower |
| 18:06 | Guard Tower |
| 18:19 | Guard Tower |
| 18:24 | Imbued Masonry |
| 18:37 | Cannon Tower |
| 18:55 | Cannon Tower |
| 19:25 | Knight |
| 19:27 | Spell Breaker |
| 19:28 | Spell Breaker |
| 19:29 | Mortar Team |
| 20:32 | Workshop |
| 20:40 | Workshop |
| 20:53 | Fragmentation Shards |
| 20:55 | Black Gunpowder |
| 20:58 | Knight |
| 21:01 | Sorceress |
| 21:02 | Sorceress |
| 21:15 | Scout Tower |
| 21:19 | Scout Tower |
| 21:24 | Iron Plating |
| 21:29 | Siege Engine |
| 21:54 | Barrage |
| 22:15 | Siege Engine |
| 22:16 | Siege Engine |
| 22:24 | Blacksmith |
| 22:59 | Steel Plating |
| 23:00 | Refined Gunpowder |
| 23:03 | Siege Engine |
| 23:08 | Siege Engine |
| 23:24 | Scroll of Town Portal |
| 23:48 | Siege Engine |
| 23:54 | Farm |
| 23:56 | Farm |
| 24:00 | Scout Tower |
| 24:01 | Scout Tower |
| 24:01 | Scout Tower |
| 24:05 | Scout Tower |
| 24:05 | Scout Tower |
| 24:07 | Scout Tower |
| 24:10 | Scout Tower |
| 24:10 | Scout Tower |
| 24:11 | Scout Tower |
| 24:44 | Blizzard |
| 25:10 | Siege Engine |
| 25:11 | Siege Engine |
| 25:46 | Scroll of Regeneration |
| 25:49 | Potion of Healing |
| 25:51 | Scroll of Town Portal |
| 26:20 | Guard Tower |
| 26:25 | Guard Tower |
| 26:41 | Imbued Gunpowder |
| 27:25 | Mithril Plating |
| 28:24 | Scroll of Town Portal |
| 28:55 | Mithril Forged Swords |
| 28:57 | Studded Leather Armor |
| 28:59 | Siege Engine |
| 30:30 | Potion of Healing |
| 30:30 | Scroll of Regeneration |
| 30:33 | Scroll of Town Portal |
| 30:41 | Town Hall |
| 31:09 | Mechanical Critter |
| 31:11 | Mechanical Critter |
| 31:39 | Mechanical Critter |
| 31:43 | Mechanical Critter |
| 33:31 | Scout Tower |
| 33:37 | Scout Tower |
| 33:39 | Scout Tower |
| 33:41 | Scout Tower |
| 33:44 | Scout Tower |
| 33:48 | Scout Tower |
| 33:49 | Scout Tower |
| 34:16 | Guard Tower |
| 34:21 | Guard Tower |
| 34:28 | Guard Tower |
| 34:42 | Mechanical Critter |
| 34:44 | Mechanical Critter |
| 34:46 | Mechanical Critter |
| 34:48 | Mechanical Critter |
| 35:14 | Guard Tower |
| 35:21 | Reinforced Leather Armor |
| 35:54 | Potion of Lesser Invulnerability |
| 36:21 | Scroll of Town Portal |
| 36:33 | Siege Engine |
| 38:10 | Dragonhide Armor |
| 38:50 | Town Hall |
| 41:49 | Scroll of Town Portal |
| 42:13 | Mass Teleport |
| 42:52 | Town Hall |
| 43:50 | Scroll of Regeneration |
| 44:00 | Scroll of Town Portal |
| 44:26 | Mechanical Critter |
| 44:28 | Mechanical Critter |
| 45:13 | Scroll of Regeneration |
| 45:26 | Scroll of Town Portal |
| 46:24 | Periapt of Vitality |
| 47:13 | Periapt of Vitality |
| 49:15 | Scout Tower |
| 49:17 | Scout Tower |
| 49:47 | Cannon Tower |
| 49:49 | Cannon Tower |
| 49:51 | Scout Tower |
| 49:53 | Scout Tower |
| 50:23 | Cannon Tower |
| 50:25 | Scout Tower |
| 50:27 | Guard Tower |
| 50:28 | Scout Tower |
| 50:46 | Periapt of Vitality |
| 50:55 | Arcane Tower |
| 50:57 | Arcane Tower |
| 50:59 | Scout Tower |
| 51:05 | Scout Tower |
| 51:40 | Arcane Tower |
| 51:41 | Arcane Tower |
| 53:09 | Gryphon Aviary |
| 53:24 | Gryphon Aviary |
| 53:30 | Gryphon Aviary |
| 53:43 | Potion of Lesser Invulnerability |
| 54:09 | Gryphon Aviary |
| 54:20 | Storm Hammers |
| 54:23 | Animal War Training |
| 55:17 | Gryphon Rider |
| 55:17 | Gryphon Rider |
| 55:18 | Gryphon Rider |
| 55:19 | Gryphon Rider |
| 57:45 | Mortar Team |
| 57:48 | Flare |
| 59:36 | Periapt of Vitality |
| 59:36 | Potion of Lesser Invulnerability |
| 61:14 | Summon Water Elemental |
| 61:24 | Gryphon Rider |
| 61:25 | Gryphon Rider |
| 61:26 | Gryphon Rider |
| 61:27 | Gryphon Rider |
| 61:59 | Gryphon Rider |
| 62:00 | Gryphon Rider |
| 62:00 | Gryphon Rider |
| 62:01 | Gryphon Rider |
| 62:03 | Scroll of Town Portal |
| 62:43 | Gryphon Rider |
| 62:44 | Gryphon Rider |
| 62:45 | Gryphon Rider |
| 62:45 | Gryphon Rider |
| 63:03 | Potion of Lesser Invulnerability |
| 64:31 | Town Hall |
| 71:48 | Gryphon Rider |
| 73:06 | Flame Strike |
| 94:54 | Mortar Team |
| 94:57 | Mortar Team |
| 95:00 | Mortar Team |
| 95:06 | Siege Engine |
| 95:08 | Siege Engine |
| 95:11 | Mortar Team |
| 95:17 | Mortar Team |
| Right click | 1908 |
| Select group | 1009 |
| Select | 799 |
| Misc. action | 481 |
| Build/train/purchase | 286 |
| Use ability | 71 |
| Assign group | 60 |
| Resource trade | 14 |
| Item give/drop | 9 |
| Minimap ping | 6 |
| Remove unit | 4 |
99 units @ 10.2k
/ 1.8k
222 buildings @ 14.5k
/ 7.4k
DudeWhy
(236)
(103:38) : 

| Orb of Fire | 4 | 1300 |
| Staff of Sanctuary | 2 | 500 |
| Boots of Speed | 4 | 1000 |
| total: | 10 | 2800g |
| Peasant | 34 | 2550 | / | 0 |
| Footman | 3 | 405 | / | 0 |
| total: | 37 | 2955g | / | 0w |
| Scout Tower | 67 | 2010 | / | 1340 |
| Arcane Tower | 2 | 140 | / | 100 |
| Guard Tower | 23 | 1610 | / | 1150 |
| Altar of Kings | 2 | 360 | / | 100 |
| Farm | 11 | 880 | / | 220 |
| Barracks | 1 | 160 | / | 60 |
| Lumber Mill | 3 | 360 | / | 0 |
| Town Hall | 12 | 4620 | / | 2460 |
| Blacksmith | 1 | 140 | / | 60 |
| Arcane Vault | 2 | 260 | / | 60 |
| Keep | 2 | 640 | / | 420 |
| total: | 99 | 8790g | / | 4300w |
| 0:02 | Peasant |
| 0:06 | Altar of Kings |
| 0:07 | Peasant |
| 0:18 | Farm |
| 0:20 | Peasant |
| 0:35 | Barracks |
| 0:36 | Peasant |
| 0:47 | Peasant |
| 0:54 | Farm |
| 1:02 | Lumber Mill |
| 1:08 | Peasant |
| 1:19 | Peasant |
| 1:24 | Peasant |
| 1:35 | Farm |
| 1:45 | Footman |
| 1:52 | Peasant |
| 2:06 | Footman |
| 2:09 | Storm Bolt |
| 2:15 | Scout Tower |
| 2:18 | Scout Tower |
| 2:24 | Peasant |
| 3:32 | Arcane Tower |
| 3:33 | Scout Tower |
| 3:34 | Scout Tower |
| 3:35 | Peasant |
| 3:35 | Peasant |
| 3:36 | Improved Lumber Harvesting |
| 3:37 | Footman |
| 3:50 | Peasant |
| 4:01 | Guard Tower |
| 4:04 | Peasant |
| 4:24 | Scout Tower |
| 4:25 | Peasant |
| 4:27 | Guard Tower |
| 4:35 | Town Hall |
| 4:43 | Scout Tower |
| 4:50 | Peasant |
| 4:54 | Scout Tower |
| 4:54 | Scout Tower |
| 4:56 | Guard Tower |
| 5:26 | Bash |
| 5:49 | Arcane Tower |
| 5:51 | Keep |
| 5:54 | Peasant |
| 6:42 | Guard Tower |
| 6:45 | Improved Masonry |
| 6:46 | Peasant |
| 6:52 | Blacksmith |
| 6:54 | Farm |
| 6:57 | Farm |
| 7:07 | Peasant |
| 7:11 | Bash |
| 8:32 | Keep |
| 8:35 | Scout Tower |
| 8:35 | Scout Tower |
| 8:36 | Scout Tower |
| 8:42 | Scout Tower |
| 8:43 | Scout Tower |
| 8:43 | Scout Tower |
| 8:44 | Scout Tower |
| 8:44 | Scout Tower |
| 8:45 | Scout Tower |
| 8:46 | Scout Tower |
| 8:47 | Scout Tower |
| 8:47 | Scout Tower |
| 9:08 | Advanced Masonry |
| 9:11 | Guard Tower |
| 9:20 | Guard Tower |
| 9:24 | Guard Tower |
| 9:36 | Scout Tower |
| 9:41 | Scout Tower |
| 9:43 | Scout Tower |
| 9:52 | Guard Tower |
| 10:10 | Guard Tower |
| 10:11 | Guard Tower |
| 10:28 | Guard Tower |
| 10:34 | Scout Tower |
| 10:35 | Guard Tower |
| 10:50 | Guard Tower |
| 11:04 | Holy Light |
| 11:15 | Farm |
| 11:16 | Farm |
| 11:48 | Advanced Lumber Harvesting |
| 12:56 | Storm Bolt |
| 12:59 | Town Hall |
| 13:06 | Holy Light |
| 13:48 | Guard Tower |
| 15:26 | Lumber Mill |
| 15:49 | Lumber Mill |
| 17:27 | Storm Bolt |
| 17:29 | Divine Shield |
| 17:58 | Scout Tower |
| 17:58 | Scout Tower |
| 17:59 | Scout Tower |
| 17:59 | Scout Tower |
| 18:00 | Scout Tower |
| 18:39 | Scout Tower |
| 18:40 | Scout Tower |
| 18:41 | Scout Tower |
| 18:41 | Scout Tower |
| 18:42 | Scout Tower |
| 20:15 | Town Hall |
| 20:29 | Scout Tower |
| 20:30 | Scout Tower |
| 20:31 | Scout Tower |
| 20:31 | Scout Tower |
| 20:32 | Scout Tower |
| 20:32 | Scout Tower |
| 20:33 | Scout Tower |
| 20:33 | Scout Tower |
| 20:47 | Scout Tower |
| 20:47 | Scout Tower |
| 20:48 | Scout Tower |
| 20:49 | Scout Tower |
| 21:27 | Town Hall |
| 21:33 | Scout Tower |
| 21:33 | Scout Tower |
| 21:34 | Scout Tower |
| 21:34 | Scout Tower |
| 22:03 | Guard Tower |
| 22:05 | Scout Tower |
| 22:05 | Scout Tower |
| 22:08 | Scout Tower |
| 22:08 | Scout Tower |
| 22:19 | Scout Tower |
| 22:21 | Scout Tower |
| 22:46 | Guard Tower |
| 22:57 | Guard Tower |
| 23:03 | Guard Tower |
| 23:05 | Scout Tower |
| 23:05 | Scout Tower |
| 23:08 | Scout Tower |
| 23:08 | Scout Tower |
| 23:09 | Guard Tower |
| 23:53 | Guard Tower |
| 24:03 | Peasant |
| 24:03 | Peasant |
| 24:04 | Peasant |
| 24:15 | Guard Tower |
| 25:52 | Town Hall |
| 26:09 | Town Hall |
| 26:23 | Divine Shield |
| 26:49 | Town Hall |
| 27:52 | Peasant |
| 27:52 | Peasant |
| 28:46 | Peasant |
| 28:47 | Peasant |
| 28:47 | Peasant |
| 29:19 | Peasant |
| 29:19 | Peasant |
| 29:19 | Peasant |
| 30:10 | Town Hall |
| 30:14 | Town Hall |
| 32:39 | Town Hall |
| 32:44 | Peasant |
| 32:45 | Peasant |
| 32:45 | Peasant |
| 32:45 | Peasant |
| 34:47 | Bash |
| 34:48 | Bash |
| 34:50 | Holy Light |
| 36:18 | Town Hall |
| 36:34 | Holy Light |
| 38:28 | Scout Tower |
| 38:29 | Scout Tower |
| 38:29 | Scout Tower |
| 38:30 | Scout Tower |
| 38:31 | Scout Tower |
| 38:32 | Scout Tower |
| 38:33 | Scout Tower |
| 39:46 | Guard Tower |
| 39:50 | Guard Tower |
| 42:09 | Boots of Speed |
| 42:10 | Boots of Speed |
| 42:53 | Orb of Fire |
| 42:55 | Staff of Sanctuary |
| 46:09 | Boots of Speed |
| 46:09 | Boots of Speed |
| 46:47 | Orb of Fire |
| 49:31 | Orb of Fire |
| 49:41 | Staff of Sanctuary |
| 57:56 | Orb of Fire |
| 58:04 | Divine Shield |
| 60:55 | Altar of Kings |
| 61:55 | Farm |
| 61:56 | Farm |
| 61:57 | Farm |
| 62:19 | Storm Bolt |
| 62:20 | Storm Bolt |
| 62:32 | Farm |
| 69:28 | Divine Shield |
| 78:46 | Holy Light |
| 87:16 | Town Hall |
| 90:39 | Avatar |
| 90:41 | Avatar |
| 90:42 | Holy Light |
| 97:06 | Arcane Vault |
| 97:14 | Arcane Vault |
| Right click | 5367 |
| Select group | 2203 |
| Select | 737 |
| Misc. action | 408 |
| Use ability | 332 |
| Resource trade | 138 |
| Build/train/purchase | 137 |
| Minimap ping | 47 |
| Assign group | 18 |
| Item give/drop | 8 |
| Esc | 7 |

| Peasant | 11 | 825 | / | 0 |
| Footman | 2 | 270 | / | 0 |
| Mortar Team | 7 | 1260 | / | 490 |
| Flying Machine | 35 | 3500 | / | 1050 |
| Dragonhawk Rider | 7 | 1400 | / | 210 |
| total: | 62 | 7255g | / | 1750w |
| Scout Tower | 100 | 3000 | / | 2000 |
| Guard Tower | 41 | 2870 | / | 2050 |
| Arcane Tower | 29 | 2030 | / | 1450 |
| Barracks | 1 | 160 | / | 60 |
| Altar of Kings | 1 | 180 | / | 50 |
| Farm | 13 | 1040 | / | 260 |
| Lumber Mill | 2 | 240 | / | 0 |
| Blacksmith | 1 | 140 | / | 60 |
| Town Hall | 1 | 385 | / | 205 |
| Arcane Vault | 1 | 130 | / | 30 |
| Cannon Tower | 8 | 960 | / | 800 |
| Workshop | 2 | 280 | / | 280 |
| Gryphon Aviary | 1 | 140 | / | 150 |
| Keep | 1 | 320 | / | 210 |
| Castle | 1 | 360 | / | 210 |
| total: | 123 | 5695g | / | 3095w |
| 0:07 | Barracks |
| 0:16 | Altar of Kings |
| 0:18 | Peasant |
| 0:20 | Farm |
| 0:21 | Peasant |
| 0:42 | Peasant |
| 1:01 | Farm |
| 1:03 | Farm |
| 1:10 | Footman |
| 1:16 | Peasant |
| 1:27 | Lumber Mill |
| 1:34 | Peasant |
| 1:53 | Footman |
| 1:54 | Peasant |
| 2:03 | Farm |
| 2:23 | Storm Bolt |
| 2:26 | Peasant |
| 2:31 | Improved Masonry |
| 2:37 | Peasant |
| 2:41 | Scout Tower |
| 2:45 | Scout Tower |
| 2:46 | Peasant |
| 3:08 | Peasant |
| 3:14 | Guard Tower |
| 3:17 | Guard Tower |
| 3:49 | Scout Tower |
| 4:01 | Improved Lumber Harvesting |
| 4:04 | Peasant |
| 4:18 | Arcane Tower |
| 4:20 | Keep |
| 5:12 | Scout Tower |
| 5:15 | Scout Tower |
| 5:18 | Scout Tower |
| 5:20 | Scout Tower |
| 5:39 | Guard Tower |
| 5:43 | Scout Tower |
| 5:46 | Scout Tower |
| 5:47 | Guard Tower |
| 5:48 | Guard Tower |
| 5:52 | Scout Tower |
| 6:18 | Guard Tower |
| 6:21 | Guard Tower |
| 6:23 | Scout Tower |
| 6:24 | Scout Tower |
| 6:26 | Guard Tower |
| 6:28 | Scout Tower |
| 6:50 | Guard Tower |
| 6:51 | Guard Tower |
| 6:56 | Scout Tower |
| 6:56 | Scout Tower |
| 6:57 | Scout Tower |
| 6:58 | Scout Tower |
| 7:02 | Arcane Tower |
| 7:04 | Scout Tower |
| 7:09 | Advanced Masonry |
| 7:10 | Castle |
| 7:28 | Guard Tower |
| 7:30 | Guard Tower |
| 7:32 | Scout Tower |
| 7:33 | Scout Tower |
| 7:34 | Arcane Tower |
| 8:07 | Guard Tower |
| 8:09 | Scout Tower |
| 8:09 | Scout Tower |
| 8:36 | Scout Tower |
| 8:37 | Scout Tower |
| 8:40 | Guard Tower |
| 8:48 | Scout Tower |
| 8:51 | Scout Tower |
| 8:57 | Advanced Lumber Harvesting |
| 9:03 | Blacksmith |
| 9:12 | Guard Tower |
| 9:13 | Guard Tower |
| 9:15 | Scout Tower |
| 9:16 | Guard Tower |
| 9:18 | Guard Tower |
| 9:20 | Scout Tower |
| 9:37 | Imbued Masonry |
| 9:49 | Guard Tower |
| 9:50 | Guard Tower |
| 10:03 | Farm |
| 10:09 | Farm |
| 10:17 | Workshop |
| 10:21 | Workshop |
| 10:23 | Black Gunpowder |
| 10:32 | Scout Tower |
| 10:33 | Scout Tower |
| 10:34 | Scout Tower |
| 10:35 | Scout Tower |
| 10:36 | Scout Tower |
| 10:56 | Town Hall |
| 11:05 | Farm |
| 11:05 | Farm |
| 11:07 | Guard Tower |
| 11:21 | Flare |
| 11:22 | Fragmentation Shards |
| 11:23 | Flying Machine Bombs |
| 11:40 | Refined Gunpowder |
| 11:56 | Flak Cannons |
| 12:15 | Scout Tower |
| 12:24 | Scout Tower |
| 12:36 | Mortar Team |
| 12:42 | Mortar Team |
| 12:46 | Farm |
| 12:48 | Farm |
| 12:51 | Guard Tower |
| 12:53 | Scout Tower |
| 13:01 | Imbued Gunpowder |
| 13:06 | Farm |
| 13:07 | Farm |
| 13:22 | Guard Tower |
| 13:23 | Scout Tower |
| 13:44 | Scout Tower |
| 13:48 | Scout Tower |
| 13:50 | Guard Tower |
| 13:56 | Guard Tower |
| 14:16 | Guard Tower |
| 14:19 | Scout Tower |
| 14:25 | Iron Plating |
| 14:33 | Farm |
| 14:46 | Guard Tower |
| 14:48 | Scout Tower |
| 14:51 | Scout Tower |
| 14:54 | Flying Machine |
| 15:17 | Scout Tower |
| 15:18 | Scout Tower |
| 15:19 | Guard Tower |
| 15:35 | Steel Plating |
| 15:44 | Guard Tower |
| 15:58 | Flying Machine |
| 15:58 | Flying Machine |
| 15:58 | Flying Machine |
| 15:58 | Flying Machine |
| 15:58 | Flying Machine |
| 15:58 | Flying Machine |
| 15:58 | Flying Machine |
| 16:07 | Arcane Vault |
| 16:09 | Gryphon Aviary |
| 16:32 | Flying Machine |
| 16:41 | Guard Tower |
| 16:50 | Mithril Plating |
| 17:16 | Studded Leather Armor |
| 17:51 | Flying Machine |
| 17:51 | Flying Machine |
| 17:51 | Flying Machine |
| 17:52 | Flying Machine |
| 18:00 | Flying Machine |
| 18:01 | Cloud |
| 18:01 | Dragonhawk Rider |
| 18:01 | Dragonhawk Rider |
| 18:42 | Flying Machine |
| 19:32 | Flying Machine |
| 19:32 | Flying Machine |
| 19:32 | Flying Machine |
| 19:32 | Flying Machine |
| 19:34 | Flying Machine |
| 19:34 | Flying Machine |
| 20:43 | Reinforced Leather Armor |
| 20:45 | Mortar Team |
| 23:12 | Dragonhawk Rider |
| 23:12 | Dragonhawk Rider |
| 25:39 | Flying Machine |
| 25:39 | Flying Machine |
| 25:39 | Flying Machine |
| 28:38 | Dragonhide Armor |
| 29:07 | Mortar Team |
| 29:14 | Mortar Team |
| 32:44 | Dragonhawk Rider |
| 36:52 | Dragonhawk Rider |
| 36:52 | Dragonhawk Rider |
| 50:31 | Scout Tower |
| 50:33 | Scout Tower |
| 50:33 | Scout Tower |
| 50:41 | Scout Tower |
| 51:03 | Cannon Tower |
| 51:16 | Cannon Tower |
| 51:18 | Scout Tower |
| 51:30 | Scout Tower |
| 51:36 | Cannon Tower |
| 52:56 | Arcane Tower |
| 52:58 | Scout Tower |
| 53:02 | Scout Tower |
| 53:04 | Scout Tower |
| 53:11 | Cannon Tower |
| 53:26 | Arcane Tower |
| 53:31 | Arcane Tower |
| 53:34 | Scout Tower |
| 53:46 | Scout Tower |
| 54:03 | Arcane Tower |
| 54:25 | Scout Tower |
| 54:28 | Arcane Tower |
| 54:57 | Arcane Tower |
| 55:00 | Scout Tower |
| 55:27 | Arcane Tower |
| 55:31 | Scout Tower |
| 56:03 | Arcane Tower |
| 58:40 | Scout Tower |
| 58:45 | Scout Tower |
| 58:52 | Scout Tower |
| 59:11 | Arcane Tower |
| 59:17 | Scout Tower |
| 59:34 | Arcane Tower |
| 59:43 | Cannon Tower |
| 59:51 | Arcane Tower |
| 59:53 | Scout Tower |
| 60:01 | Scout Tower |
| 61:56 | Arcane Tower |
| 62:05 | Arcane Tower |
| 62:40 | Scout Tower |
| 62:41 | Scout Tower |
| 62:41 | Scout Tower |
| 62:42 | Scout Tower |
| 62:50 | Scout Tower |
| 62:56 | Mortar Team |
| 63:14 | Arcane Tower |
| 63:16 | Arcane Tower |
| 63:17 | Arcane Tower |
| 63:19 | Scout Tower |
| 63:20 | Scout Tower |
| 63:20 | Scout Tower |
| 63:26 | Cannon Tower |
| 63:30 | Scout Tower |
| 63:40 | Arcane Tower |
| 63:42 | Scout Tower |
| 63:44 | Scout Tower |
| 63:51 | Arcane Tower |
| 63:55 | Scout Tower |
| 63:58 | Scout Tower |
| 64:02 | Cannon Tower |
| 64:07 | Scout Tower |
| 64:09 | Scout Tower |
| 64:18 | Arcane Tower |
| 64:19 | Arcane Tower |
| 64:27 | Scout Tower |
| 64:31 | Arcane Tower |
| 64:49 | Flying Machine |
| 64:49 | Flying Machine |
| 64:49 | Flying Machine |
| 64:50 | Flying Machine |
| 64:50 | Flying Machine |
| 64:50 | Flying Machine |
| 64:50 | Flying Machine |
| 65:23 | Guard Tower |
| 66:35 | Flying Machine |
| 66:36 | Flying Machine |
| 66:36 | Flying Machine |
| 66:50 | Arcane Tower |
| 67:29 | Scout Tower |
| 67:30 | Scout Tower |
| 67:39 | Mortar Team |
| 67:59 | Guard Tower |
| 68:05 | Scout Tower |
| 68:34 | Scout Tower |
| 68:36 | Guard Tower |
| 69:26 | Cannon Tower |
| 69:28 | Scout Tower |
| 69:32 | Scout Tower |
| 69:54 | Guard Tower |
| 69:59 | Guard Tower |
| 71:07 | Flying Machine |
| 89:31 | Scout Tower |
| 89:32 | Scout Tower |
| 89:38 | Scout Tower |
| 89:40 | Scout Tower |
| 90:07 | Lumber Mill |
| 90:10 | Arcane Tower |
| 90:11 | Arcane Tower |
| 91:17 | Scout Tower |
| 91:19 | Scout Tower |
| 91:49 | Guard Tower |
| 91:50 | Arcane Tower |
| 91:52 | Scout Tower |
| 91:54 | Scout Tower |
| 92:23 | Guard Tower |
| 92:24 | Guard Tower |
| 92:27 | Scout Tower |
| 92:30 | Scout Tower |
| 96:34 | Guard Tower |
| 96:41 | Scout Tower |
| 96:43 | Scout Tower |
| 97:08 | Guard Tower |
| 97:10 | Guard Tower |
| 97:14 | Scout Tower |
| 97:16 | Scout Tower |
| 97:42 | Arcane Tower |
| Right click | 2828 |
| Select group | 999 |
| Select | 925 |
| Build/train/purchase | 245 |
| Misc. action | 154 |
| Use ability | 37 |
| Assign group | 33 |
| Minimap ping | 18 |
| Remove unit | 8 |
| Resource trade | 5 |